 Dungeon Crawl Stone Soup version 0.31-b1-18-g61460d1e46 (webtiles) character file.

Game seed: 3440928763181296306

548 Arctor the Vexing (level 7, -1/52 HPs)
             Began as a Gnoll Hexslinger on Jan 17, 2024.
             Was an Initiate of Dithmenos.
             Killed from afar by an orc wizard (12 damage)
             ... with a puff of flame
             ... on level 5 of the Dungeon.
             The game lasted 00:06:28 (4171 turns).

Arctor the Vexing (Gnoll Hexslinger)                Turns: 4171, Time: 00:06:28

Health: -1/52      AC: 14    Str:  7      XL:     7   Next: 28%
Magic:  12/12      EV:  4    Int: 10 (13) God:    Dithmenos [......]
Gold:   241        SH:  0    Dex: 18 (22) Spells: 11/13 levels left

rFire   . . .        g - +4 short sword
rCold   . . .        (no shield)
rNeg    . . .        q - +0 plate armour
rPois   .            (no helmet)
rElec   .            s - +0 cloak
rCorr   .            l - +1 pair of gloves
SInv    .            (no boots)
Will    .....        (no amulet) Stlth
                     f - +5 ring of evasion
HPRegen 0.28/turn    i - +6 ring of dexterity
MPRegen 0.13/turn

%: no passive effects
@: no status effects
A: fangs 1, strong nose, distributed training
a: Renounce Religion


You were on level 5 of the Dungeon.
You worshipped Dithmenos.
Dithmenos was noncommittal.
You visited 2 branches of the dungeon, and saw 6 of its levels.

You collected 241 gold pieces.

Inventory:

Hand Weapons
 a - a +1 sling
 g - a +4 short sword (weapon)
 h - a +0 dagger
 j - a +3 flail
Armour
 c - a +0 robe
 l - a +1 pair of gloves (worn)
 q - a +0 plate armour (worn)
 s - a +0 cloak (worn)
Jewellery
 f - a +5 ring of evasion (left hand)
 i - a +6 ring of dexterity (right hand)
 n - a ring of willpower
Wands
 d - a wand of roots (3)
 k - a wand of flame (23)
Scrolls
 b - a scroll of poison
 e - 3 scrolls of teleportation
 m - a scroll of enchant weapon
 o - a scroll of enchant armour
 w - a scroll of acquirement {unknown}
Potions
 p - a potion of attraction
 v - a potion of curing


   Skills:
 + Level 3.6 Fighting
 + Level 2.5 Short Blades
 + Level 2.5 Long Blades
 + Level 2.5 Axes
 + Level 2.5 Maces & Flails
 + Level 2.5 Polearms
 + Level 2.5 Staves
 + Level 5.2 Ranged Weapons
 + Level 2.5 Throwing
 + Level 2.5 Armour
 + Level 5.2 Dodging
 + Level 2.5 Stealth
 + Level 2.5 Shields
 + Level 2.5 Unarmed Combat
 + Level 3.8 Spellcasting
 + Level 2.0 Conjurations
 + Level 5.8 Hexes
 + Level 2.0 Summonings
 + Level 2.0 Necromancy
 + Level 2.0 Translocations
 + Level 3.0 Fire Magic
 + Level 2.0 Ice Magic
 + Level 2.0 Air Magic
 + Level 2.0 Earth Magic
 + Level 2.0 Alchemy
 + Level 2.7 Invocations
 + Level 2.5 Evocations
 + Level 2.2 Shapeshifting


You had 11 spell levels left.
You knew the following spells:

 Your Spells              Type           Power      Damage    Failure   Level
a - Ensorcelled Hibernat  Hex/Ice        18%        N/A       100%        2

Your spell library contained the following spells:

 Spells                   Type           Power      Damage    Failure   Level
 Sting                    Conj/Alch      24%        1d4       100%        1
 Jinxbite                 Hex            26%        N/A       100%        2
 Mercury Vapours          Alch/Air       12%        N/A       100%        2
 Inner Flame              Hex/Fire       10%        N/A       100%        3
 Passwall                 Erth           6%         N/A       100%        3
 Sigil of Binding         Hex            13%        N/A       100%        3
 Swiftness                Air            6%         N/A       100%        3
 Tukima's Dance           Hex            13%        N/A       100%        3
 Cause Fear               Hex            6%         N/A       100%        4
 Dimensional Bullseye     Hex/Tloc       4%         N/A       100%        4
 Olgreb's Toxic Radiance  Alch           6%         N/A       100%        4
 Passage of Golubria      Tloc           6%         N/A       100%        4
 Yara's Violent Unravell  Hex/Alch       4%         3d4       100%        5


Dungeon Overview and Level Annotations

Branches:
Dungeon (5/15)             Temple (1/1) D:5

Altars:
Cheibriados
Dithmenos
Elyvilon
Fedhas
Kikubaaqudgha
Nemelex Xobeh
Qazlal
Ru
Vehumet
Wu Jian
Xom

Annotations:
D:4 Eustachio


Innate Abilities, Weirdness & Mutations

You have very sharp teeth.
Your uncanny sense of smell can sniff out nearby items.
Your experience applies equally to all skills.


Message History

You enter the shallow water.
Moving in this stuff is going to be slow.
There is a staircase back to the Dungeon here.
You can't go down here!
You climb upwards.
Welcome back to the Dungeon!
The orc wizard points at you and mumbles some strange words.
The puff of flame hits you but does no damage.
The orc warrior hits you with a +1 war axe of electrocution.
You are electrocuted!
The orc wizard casts a spell at you. The magic dart hits you.
There is a staircase to the Ecumenical Temple here.
You can't go up here!
The orc warrior hits you with a +1 war axe of electrocution.
You climb downwards.
Welcome back to the Ecumenical Temple!
There is a staircase back to the Dungeon here.
Unknown command.
Okay, then.
As you read the scroll of identify, it crumbles to dust.
u - a scroll of fear The orc warrior barely misses you.
You hit the orc warrior.
The orc warrior is lightly wounded.
The orc warrior hits you with a +1 war axe of electrocution.
You hit the orc warrior but do no damage.
The orc warrior is lightly wounded.
The orc warrior hits you with a +1 war axe of electrocution!
* * * LOW HITPOINT WARNING * * *
You hit the orc warrior.
The orc warrior is lightly wounded.
The orc warrior hits you with a +1 war axe of electrocution.
* * * LOW HITPOINT WARNING * * *
As you read the scroll of fear, it crumbles to dust.
You assume a fearsome visage.
The orc warrior looks frightened!
There is a staircase back to the Dungeon here.
You can't go down here!
You climb upwards.
Welcome back to the Dungeon!
The orc wizard gestures at you while chanting.
The puff of flame hits you!
You die...

.# ###.#
#######....#
#..........
#.##...##.#
#.##...##.#
#.........#
##....@....#
#..........#
#..##...##.#
##..##...##.#
##...........#
#...<##o.#####
.....≈≈≈.....#
......≈.......#
................


You could see an orc wizard.

Vanquished Creatures
  The ghost of Selrock the Cudgeller, an amateur DsBe of Trog (D:4)
  A howler monkey (D:4)
  A hound (D:4)
  2 orc priests (D:3)
  Jessica (D:2)
  Natasha (thrice) (D:2)
  An iguana (D:4)
  An orc wizard (D:3)
  Robin (D:2)
  A gnoll (D:1)
  3 adders
  A white imp (D:4)
  A dart slug (D:1)
  11 orcs (D:3)
  4 ball pythons
  4 endoplasms
  5 giant cockroaches
  13 goblins
  11 hobgoblins
  2 kobolds (D:4)
  3 quokkas (D:3)
  4 bats
  A frilled lizard (D:1)
76 creatures vanquished.

Notes
Turn   | Place    | Note
-------+----------+-------------------------------------------
     0 | D:1      | Arctor the Gnoll Hexslinger began the quest for the Orb.
     0 | D:1      | Reached XP level 1. HP: 17/17 MP: 4/4
   157 | D:1      | Reached XP level 2. HP: 13/23 MP: 5/5
   331 | D:1      | Reached XP level 3. HP: 18/28 MP: 7/7
   909 | D:2      | Reached skill level 1 in Invocations
   943 | D:2      | Noticed Robin
   950 | D:2      | Reached skill level 1 in Short Blades
   950 | D:2      | Reached skill level 1 in Long Blades
   950 | D:2      | Reached skill level 1 in Axes
   950 | D:2      | Reached skill level 1 in Maces & Flails
   950 | D:2      | Reached skill level 1 in Polearms
   950 | D:2      | Reached skill level 1 in Staves
   950 | D:2      | Reached skill level 1 in Throwing
   950 | D:2      | Reached skill level 1 in Armour
   950 | D:2      | Reached skill level 1 in Stealth
   950 | D:2      | Reached skill level 1 in Shields
   950 | D:2      | Reached skill level 1 in Unarmed Combat
   950 | D:2      | Reached skill level 1 in Evocations
  1178 | D:2      | Killed Robin
  1179 | D:2      | Reached skill level 1 in Shapeshifting
  1179 | D:2      | Reached XP level 4. HP: 23/34 MP: 8/8
  1256 | D:2      | Noticed Natasha
  1268 | D:2      | Killed Natasha
  1269 | D:2      | Reached skill level 1 in Conjurations
  1269 | D:2      | Reached skill level 1 in Summonings
  1269 | D:2      | Reached skill level 1 in Necromancy
  1269 | D:2      | Reached skill level 1 in Translocations
  1269 | D:2      | Reached skill level 1 in Ice Magic
  1269 | D:2      | Reached skill level 1 in Air Magic
  1269 | D:2      | Reached skill level 1 in Earth Magic
  1269 | D:2      | Reached skill level 1 in Alchemy
  1760 | D:2      | Noticed Jessica
  1763 | D:2      | Killed Jessica
  1764 | D:2      | Reached XP level 5. HP: 41/41 MP: 9/9
  1799 | D:2      | Noticed Natasha
  1811 | D:2      | Killed Natasha
  1827 | D:2      | Noticed Natasha
  1835 | D:2      | Killed Natasha
  2624 | D:3      | Reached XP level 6. HP: 34/47 MP: 9/11
  2712 | D:3      | Reached skill level 5 in Ranged Weapons
  2712 | D:3      | Reached skill level 5 in Dodging
  2961 | D:3      | Learned a level 2 spell: Ensorcelled Hibernation
  3316 | D:4      | Found a runed translucent door.
  3320 | D:4      | Noticed Selrock's ghost (amateur DsBe)
  3560 | D:4      | Killed Selrock's ghost
  3561 | D:4      | Reached XP level 7. HP: 8/52 MP: 12/12
  3918 | D:4      | Noticed Eustachio
  4005 | D:5      | Entered Level 5 of the Dungeon
  4005 | D:5      | Found a staircase to the Ecumenical Temple.
  4013 | Temple   | Entered the Ecumenical Temple
  4145 | Temple   | Became a worshipper of Dithmenos the Shadowed
  4171 | D:5      | Killed from afar by an orc wizard

Illustrated notes

Levels and vault maps discovered:
D:1:      minmay_arrival_four_houses, layout_basic, minmay_misc_feat_plants,
          kennysheep_crisscross
D:2:      layout_loops_corners, uniq_jessica, uniq_natasha, uniq_robin
D:3:      layout_basic, minmay_misc_feat_rows
D:4:      lemuel_castle_with_subvaults [lemuel_castle_interior_carwin_1],
          layout_cave_pools, nicolae_hepliaklqana_hippocampus,
          ebering_ghost_sewer_d, grunt_ministairs_9, uniq_eustachio
D:5:      layout_loops_ring, amcnicky_altar_gilded,
          mainiacjoe_overflow_small_starburst, nicolae_overflow_hidden_temple,
          grunt_temple_overflow_open, minmay_temple_entry_stoned_glass,
          kennysheep_decorative_pillar, serial_bayou_pond_d, uniq_grinder
Temple:   chequers_temple_sunken

Skill      XL: |  1  2  3  4  5  6  7 |
---------------+----------------------+-----
Fire Magic     | 2 3 |  3.0
Invocations    | 1 2 |  2.7
Short Blades   | 1 2 |  2.5
Long Blades    | 1 2 |  2.5
Axes           | 1 2 |  2.5
Maces & Flails | 1 2 |  2.5
Polearms       | 1 2 |  2.5
Staves         | 1 2 |  2.5
Throwing       | 1 2 |  2.5
Armour         | 1 2 |  2.5
Stealth        | 1 2 |  2.5
Shields        | 1 2 |  2.5
Unarmed Combat | 1 2 |  2.5
Evocations     | 1 2 |  2.5
Spellcasting   | 3 |  3.8
Shapeshifting  | 1 2 |  2.2
Conjurations   | 1 2 |  2.0
Summonings     | 1 2 |  2.0
Necromancy     | 1 2 |  2.0
Translocations | 1 2 |  2.0
Ice Magic      | 1 2 |  2.0
Air Magic      | 1 2 |  2.0
Earth Magic    | 1 2 |  2.0
Alchemy        | 1 2 |  2.0
Fighting       | 3 |  3.6
Ranged Weapons | 5 |  5.2
Dodging        | 5 |  5.2
Hexes          | |  5.8

Action                     |  1- 3 |  4- 6 |  7- 9 || total
---------------------------+-------+-------+-------++-------
  Melee: Short sword       |       |    79 |    51 ||   130
         Bite              |       |    10 |     8 ||    18
         Punch             |       |     1 |       ||     1
   Fire: Sling             |    97 |   113 |       ||   210
    Use: Scroll            |       |     7 |     2 ||     9
         Potion            |       |     3 |     2 ||     5
 Armour: Robe              |    35 |    32 |       ||    67
         Plate armour      |       |    38 |    68 ||   106
  Dodge: Dodged            |    60 |   102 |    17 ||   179
